 Dungeon Crawl Stone Soup version 0.28-a0-1117-g0bdd5ba030 (webtiles) character file.

Game seed: 3804561068941522559

10063 ragingrage the Cleaver (level 11, 0/77 HPs)
             Began as a Gargoyle Artificer on Dec 11, 2021.
             Was an Elder of Okawaru.
             Slain by a death knight (28 damage)
             ... on level 11 of the Dungeon on Dec 12, 2021.
             The game lasted 00:25:23 (14264 turns).

ragingrage the Cleaver (Gargoyle Artificer)        Turns: 14264, Time: 00:25:23

Health: 0/77       AC: 17    Str: 18    XL:     11   Next: 56%
Magic:  12/12      EV: 14    Int: 12    God:    Okawaru [****..]
Gold:   610        SH:  0    Dex: 12    Spells: 10/10 levels left

rFire   . . .      SeeInvis +   a - +2 hand axe (elec)
rCold   . . .      Faith    .   (no shield)
rNeg    + + .      Spirit   .   M - +0 troll leather armour
rPois   ∞          Reflect  .   (no helmet)
rElec   +          Harm     .   K - +0 cloak
rCorr   .          Rampage  .   p - +0 pair of gloves of Fabulous the Leaf {rN+}
Will    .....                   z - +0 pair of boots
Stlth   ++++......              C - amulet of Vitality {Regen+ HP+15}
HPRegen 1.82/turn               j - ring of see invisible
MPRegen 0.13/turn               (no ring)

@: heroic
A: sickness immunity, AC +8, negative energy resistance 1, electricity
resistance, torment resistance 1, petrification resistance
a: Renounce Religion, Heroism, Finesse


You were on level 11 of the Dungeon.
You worshipped Okawaru.
Okawaru was greatly pleased with you.
You visited 2 branches of the dungeon, and saw 12 of its levels.
You also visited: Sewer.

You collected 610 gold pieces.

Inventory:

Hand Weapons
 a - a +2 hand axe of electrocution (weapon)
 b - a +0 hunting sling
 c - a +0 dagger of venom
 l - a +0 war axe
 D - a +2 battleaxe
Missiles
 i - 18 poisoned darts (quivered)
 o - 51 sling bullets
 A - 2 throwing nets
 L - 3 curare-tipped darts
Armour
 p - the +0 pair of gloves of Fabulous the Leaf (worn) {rN+}
   (You found it on level 5 of the Dungeon)

   rN:        It protects you from negative energy.
 z - a +0 pair of boots (worn)
 K - a +0 cloak (worn)
 M - a +0 troll leather armour (worn)
Jewellery
 j - a ring of see invisible (left hand)
 m - a ring of fire
 C - the amulet of Vitality (around neck) {Regen+ HP+15}
   (You found it on level 6 of the Dungeon)

   [amulet of regeneration]

   HP:        It affects your health (+15).
   Regen:     It increases your rate of health regeneration.
Wands
 d - a wand of charming (8)
 k - a wand of flame (9)
 n - a wand of mindburst (22)
 F - a wand of iceblast (7)
 G - a wand of acid (14)
Scrolls
 q - a scroll of fear
 y - a scroll of fog
 E - 2 scrolls of enchant weapon {unknown}
 I - 3 scrolls of identify
Potions
 f - 3 potions of ambrosia
 g - a potion of heal wounds
 h - a potion of magic
 r - a potion of might
 s - 2 potions of haste
 t - a potion of brilliance {unknown}
 u - 8 potions of flight
 v - a potion of invisibility {unknown}
 w - 3 potions of mutation
 H - 2 potions of lignification {unknown}
 J - a potion of cancellation {unknown}
Miscellaneous
 e - a piece from Xom's chessboard (15/15)
 x - a lightning rod (4/4)


   Skills:
 + Level 4.5(9.5) Fighting
 - Level 14.0(19.0) Axes
 + Level 3.3(8.3) Armour
 + Level 2.0(7.0) Dodging
 - Level 3.4(8.4) Stealth
 + Level 2.2 Invocations
 + Level 6.3 Evocations


You had 10 spell levels left.
You didn't know any spells.
Your spell library contained the following spells:

 Spells                   Type           Power      Damage    Failure   Level
 Slow                     Hex            0%         N/A       36%         1
 Confusing Touch          Hex            0%         N/A       75%         3
 Vampiric Draining        Necr           0%         2d6       75%         3
 Yara's Violent Unravell  Hex/Tmut       0%         3d3       100%        5


Dungeon Overview and Level Annotations

Branches:
Dungeon (11/15)            Temple (1/1) D:7            Lair (0/6) D:11
    Orc (0/2) D:10          Sewer (visited)

Altars:
Ashenzari
Cheibriados
Dithmenos
Elyvilon
Fedhas
Gozag
Hepliaklqana
Kikubaaqudgha
Makhleb
Nemelex Xobeh
Okawaru
Qazlal
Ru
Sif Muna
Trog
Uskayaw
Vehumet
Wu Jian
Xom
Yredelemnul
Zin
The Shining One

Annotations:
D:2 Robin
D:10 exclusion: downstairs
D:11 exclusion: 3 oklob plants


Innate Abilities, Weirdness & Mutations

You are immune to sickness and miasma.
Your stone body is resilient. (AC +8)
You are immune to poison.
You resist negative energy. (rN+)
You are resistant to electric shocks. (rElec)
You are resistant to unholy torment.
You are immune to petrification.


Message History

You hit the death knight.
The death knight is severely wounded.
You closely miss the death knight.
The death knight is severely wounded.
The death knight looks more healthy.
The death knight hits you with a +0 glaive.
You hit the death knight but do no damage.
The death knight is severely wounded.
The death knight completely misses you.
You barely miss the death knight.
The death knight is severely wounded.
You hit the death knight but do no damage.
The death knight is severely wounded.
The death knight closely misses you.
You hit the death knight.
The death knight is severely wounded.
You hit the death knight but do no damage.
The death knight is severely wounded.
The death knight offers itself to Yredelemnul, and fills with unholy energy.
You hit the death knight but do no damage.
The death knight is severely wounded.
The death knight invokes the aid of Yredelemnul against you.
Your body is wracked with pain!
You slash the death knight!
The death knight is almost dead.
The death knight reflects your damage back at you!
You closely miss the death knight.
The death knight is almost dead.
The death knight calls down the wrath of Yredelemnul upon you.
Your body is wracked with pain!
You barely miss the death knight.
The death knight is almost dead.
You barely miss the death knight.
The death knight is almost dead.
The death knight closely misses you.
You closely miss the death knight.
The death knight is almost dead.
The death knight hits you with a +0 glaive!
The death knight hits you from afar with a +0 glaive!!
You die...

.#..#..#..#..#...### #.##.##.....
##....##.##.####...###.##..######
.###.†.(.#..#..###.....##..#
...####.##.##....##.#####..#
##...#..#..#..#..#..# #..##
.###...##.##..p.##.## #...#####
...###.#...#.#..#..# #........
##...#####..(####.## #..>.....
,*,#..,*,###.(.#@.# #........
,,,**.**,,,###p..## #........
*,,*,,*,,*,,,###.# #........
,,**,**,****,,,#.# #....≈≈..
,,*,,*,,,,,***,..# #...≈≈...
***,**,**,,,,**.## #........
.#,,*^,*,,*,,*..* #........
...**,**,,,,**.#* #........
*#.,,,,***,,*..* #........


You could see a death knight (reflects damage).

Vanquished Creatures
  Erolcha (D:10)
  A boulder beetle (D:11)
  A two-headed ogre (D:10)
  Pikel (D:7)
  A cyclops (D:11)
  Maurice (D:8)
  A gargoyle (D:11)
  An unseen horror (D:11)
  A kobold demonologist (D:7)
  Psyche (D:8)
  A komodo dragon (D:11)
  2 trolls (D:10)
  A hornet (D:10)
  A meliai zombie (D:11)
  A vampire (D:11)
  A shadow (D:10)
  3 vampire mosquitoes (D:6)
  Edmund (D:5)
  A water moccasin (D:7)
  3 orc warriors
  2 black bears
  An ice beast (D:8)
  A sky beast (D:6)
  6 ogres
  2 lemures
  2 phantoms
  4 centaurs
  2 gnoll sergeants
  2 scorpions
  2 bullfrogs
  A troll zombie (D:10)
  19 wights
  2 howler monkeys (D:8)
  A bullfrog zombie (D:3)
  A centaur zombie (D:8)
  A gnoll shaman (D:5)
  3 hounds
  2 orc priests
  3 iron imps (D:11)
  A bullfrog skeleton (D:6)
  5 iguanas
  A scorpion zombie (D:5)
  Ijyb (D:4)
  Terence (D:2)
  3 orc wizards
  7 ogre zombies (D:10)
  A hound skeleton (D:4)
  3 howler monkey zombies
  8 gnolls
  11 adders
  A howler monkey skeleton (D:4)
  3 white imps
  An adder skeleton (D:5)
  5 worms
  3 dart slugs
  16 orcs
  8 endoplasms
  8 giant cockroaches
  6 goblins
  9 hobgoblins
  15 jackals
  9 quokkas
  6 ball pythons
  9 bats
  7 frilled lizards
  2 goblin skeletons (D:10)
  4 goblin zombies (D:10)
  5 hobgoblin zombies (D:10)
  5 kobolds
  An orc skeleton (D:10)
  11 orc zombies (D:10)
  8 rats
266 creatures vanquished.

Vanquished Creatures (collateral kills)
  A phantom (D:7)
  A worm (Sewer)
  An orc (D:7)
  A quokka (Sewer)
4 creatures vanquished.

Vanquished Creatures (others)
  An iguana (D:7)
  A gnoll (D:5)
  A goblin (D:1)
3 creatures vanquished.

Grand Total: 273 creatures vanquished

Notes
Turn   | Place    | Note
-------+----------+-------------------------------------------
     0 | D:1      | ragingrage the Gargoyle Artificer began the quest for the
                  | Orb.
     0 | D:1      | Reached XP level 1. HP: 12/12 MP: 1/1
    80 | D:1      | Found a faded altar of an unknown god.
   390 | D:1      | Reached XP level 2. HP: 16/16 MP: 2/2
   828 | D:1      | Reached XP level 3. HP: 12/20 MP: 3/3
  1391 | D:2      | Noticed Robin
  1918 | D:2      | Reached XP level 4. HP: 25/25 MP: 4/4
  3184 | D:2      | Noticed Terence
  3695 | D:3      | Reached XP level 5. HP: 11/30 MP: 5/5
  4132 | D:4      | Noticed a phantom
  4176 | D:4      | Found a glowing drain.
  4208 | Sewer    | Entered a sewer
  4953 | D:4      | Killed a phantom
  4954 | D:4      | Reached XP level 6. HP: 26/37 MP: 6/6
  5359 | D:4      | Reached skill level 5 in Evocations
  5574 | D:4      | Reached skill level 1 in Axes
  5614 | D:4      | Reached XP level 7. HP: 30/42 MP: 7/7
  5737 | D:4      | Reached skill level 2 in Axes
  6030 | D:5      | Entered Level 5 of the Dungeon
  6327 | D:5      | Reached skill level 3 in Axes
  6596 | D:5      | Identified the +0 pair of gloves of Fabulous the Leaf {rN+}
  6647 | D:5      | Noticed Ijyb
  6660 | D:4      | Killed Ijyb
  7091 | D:5      | Noticed Edmund
  7109 | D:5      | Reached skill level 4 in Axes
  7109 | D:5      | Reached XP level 8. HP: 39/48 MP: 8/8
  7181 | D:5      | Reached skill level 5 in Axes
  7531 | D:5      | Killed Edmund
  7996 | D:2      | Killed Terence
  8423 | D:6      | Reached skill level 6 in Axes
  8500 | D:6      | Found the amulet of Vitality {Regen+ HP+15}
  8968 | D:7      | Reached skill level 7 in Axes
  9095 | D:7      | Reached XP level 9. HP: 22/52 MP: 9/9
  9414 | D:7      | You fall into a shaft and drop 3 floors!
  9414 | D:10     | Entered Level 10 of the Dungeon
  9484 | D:10     | Noticed a two-headed ogre
  9491 | D:10     | Killed a two-headed ogre
  9492 | D:10     | Reached skill level 9 in Axes
  9565 | D:10     | Noticed a hornet
  9868 | D:10     | Found a staircase to the Orcish Mines.
 10024 | D:10     | Noticed a troll
 10086 | D:10     | Killed a troll
 10087 | D:10     | Reached skill level 10 in Axes
 10420 | D:9      | Reached XP level 10. HP: 56/56 MP: 10/10
 10652 | D:7      | Reached skill level 11 in Axes
 10689 | D:7      | Found a staircase to the Ecumenical Temple.
 10706 | Temple   | Entered the Ecumenical Temple
 10820 | Temple   | Became a worshipper of Warmaster Okawaru
 11284 | D:7      | Found a sparkling altar of Nemelex Xobeh.
 11377 | D:7      | Noticed a kobold demonologist
 11390 | D:7      | Noticed an orange demon
 11391 | D:7      | Killed a kobold demonologist
 11865 | D:6      | Reached * piety under Okawaru
 11866 | D:6      | Reached skill level 12 in Axes
 12162 | D:5      | You fall into a shaft and drop 2 floors!
 12211 | D:8      | Noticed Psyche
 12216 | D:8      | Noticed Pikel
 12277 | D:8      | Noticed Maurice
 12283 | D:8      | Killed Maurice
 12333 | D:7      | Killed Pikel
 12494 | D:8      | Reached ** piety under Okawaru
 12511 | D:8      | Killed Psyche
 12512 | D:8      | Reached skill level 13 in Axes
 12949 | D:8      | Reached XP level 11. HP: 60/60 MP: 11/11
 13405 | D:10     | Noticed Erolcha
 13424 | D:10     | Killed Erolcha
 13432 | D:10     | Reached *** piety under Okawaru
 13839 | D:11     | Noticed a cyclops
 13841 | D:11     | Reached skill level 14 in Axes
 13854 | D:11     | Reached skill level 1 in Dodging
 13860 | D:11     | Killed a cyclops
 13861 | D:11     | Reached skill level 1 in Invocations
 13894 | D:11     | Noticed a boulder beetle
 13903 | D:11     | Killed a boulder beetle
 13926 | D:11     | Noticed an oklob plant
 13926 | D:11     | Noticed an oklob plant
 13927 | D:11     | Noticed an oklob plant
 13928 | D:11     | Found a staircase to the Lair.
 14025 | D:11     | Reached **** piety under Okawaru
 14125 | D:11     | Found a burning altar of Makhleb.
 14228 | D:11     | Noticed a death knight
 14264 | D:11     | Slain by a death knight

Illustrated notes

Levels and vault maps discovered:
D:1:      minmay_arrival_plants_in_alcoves, layout_rooms,
          shapermc_ecumenical_altar_venn
D:2:      layout_loops_ring, serial_aquarium, aquarium_bridge_square
          [aquarium_subvault_bridge, aquarium_subvault_bridge,
          aquarium_subvault_wall, aquarium_subvault_bridge], aquarium_window_1,
          aquarium_window_1, aquarium_window_2, aquarium_view_2d,
          aquarium_view_4, uniq_terence, uniq_robin
D:3:      layout_loops_ring, minmay_misc_feat_more_columns, minmay_cut_off
D:4:      layout_basic, cheibrodos_sewer_entry_bend
D:5:      layout_loops_corners, uniq_edmund, uniq_ijyb
D:6:      layout_loops_cross
D:7:      layout_loops_ring, nemelex_spade_bored_becter,
          minmay_temple_entry_waves
D:8:      layout_rooms, uniq_psyche, uniq_pikel, uniq_maurice
D:9:      layout_cave_pools
D:10:     layout_gridville, zombieorc2_lemuel, uniq_erolcha
D:11:     minmay_skewed_foursquare, layout_basic, dpeg_oklobed_lair,
          gauntlet_entry_generic, demons_altar
Temple:   kilobyte_greek_temple

Skill      XL: |  1  2  3  4  5  6  7  8  9 10 11 |
---------------+----------------------------------+-----
Evocations     | 3 4 5 6 |  6.3
Stealth        | 2 3 |  3.4
Fighting       | 2 3 4 |  4.5
Axes           | 1 4 7 10 13 14 | 14.0
Dodging        | 2 |  2.0
Invocations    | 2 |  2.2
Armour         | 3 |  3.3

Action                   |  1- 3 |  4- 6 |  7- 9 | 10-12 || total
-------------------------+-------+-------+-------+-------++-------
Melee: Club              |   194 |    75 |       |       ||   269
       Dagger            |       |   142 |   108 |       ||   250
       Hand axe          |       |       |   201 |   351 ||   552
       Unarmed           |       |       |       |     7 ||     7
       Punch             |       |       |       |     1 ||     1
 Fire: Hunting sling     |       |   106 |    19 |    22 ||   147
Throw: Dart              |     2 |     5 |    38 |    35 ||    80
Invok: Heroism           |       |       |       |     5 ||     5
Evoke: Wand              |    10 |    10 |    15 |    11 ||    46
       Piece from Xom's  |     4 |       |       |       ||     4
       Lightning rod     |       |       |       |     2 ||     2
  Use: Potion            |       |     1 |       |     3 ||     4
       Scroll            |       |     7 |     5 |     1 ||    13
 Stab: Sleeping          |     2 |     5 |     4 |     2 ||    13
       Paralysed         |       |       |     6 |       ||     6
       Distracted        |       |       |     1 |       ||     1
Armor: Leather armour    |   130 |   119 |    38 |       ||   287
       Ring mail         |       |       |   100 |    99 ||   199
       Skin              |       |       |       |     3 ||     3
       Troll leather arm |       |       |       |    19 ||    19
Dodge: Dodged            |   185 |   149 |   150 |   157 ||   641

Table legend: (Time is in decaauts)
 A = Elapsed time spent in this place.
 B = Non-inter-level travel time spent in this place.
 C = Inter-level travel time spent in this place.
 D = Time resting spent in this place.
 E = Time spent auto-exploring this place.
 F = Levels seen in this place.
 G = Mean time per level.
                   A        B        C        D        E       F      G
               +--------+--------+--------+--------+--------+-----+--------+
         Total |  14346 |  13481 |    865 |   3273 |   6548 |  13 | 1103.5 |
       Dungeon |  13417 |  12586 |    831 |   3070 |   6095 |  11 | 1219.7 |
        Temple |    144 |    110 |     34 |      0 |    104 |   1 |  144.0 |
         Sewer |    783 |    783 |      0 |    203 |    348 |   1 |  783.0 |
               +--------+--------+--------+--------+--------+-----+--------+

Top non-repeatable levels by time:
     D:3: 1798 daAuts
     D:5: 1745 daAuts
     D:4: 1499 daAuts
     D:1: 1420 daAuts
     D:7: 1405 daAuts
     D:2: 1396 daAuts
    D:10: 1180 daAuts
     D:6: 1114 daAuts
   Sewer: 783 daAuts
     D:8: 750 daAuts
     D:9: 669 daAuts
    D:11: 436 daAuts
  Temple: 144 daAuts
